Map: Catalyst LE

Players

Rainbow

  • Race: Zerg Zerg
  • League: Silver
  • Spawn Location: 5:00

Test - Winner!

  • Race: Terran Terran
  • Spawn Location: 11:00

VOD

Have the link to the VOD?

Description

Time

  • Played on: May 12, 2018, 2:53 p.m.
  • Length: 16:08
Show
View Real Time Build Order
Export as new Build Order

Rainbow Zerg 

Build Orders: Hatch First 

Get SALT Encoding   

  12  0:03  Drone  
  13  0:13  Overlord  
  13  0:17  Drone  
  13  0:21  Extractor  
  13  0:24  Drone  
  14  0:31  Drone  
  14  0:35  Drone  
  16  0:58  Hatchery  
  16  1:00  Drone  
  16  1:04  Drone  
  17  1:25  Spawning Pool  
  17  1:26  Drone  
  17  1:31  Drone  
  18  1:34  Drone  
  19  1:40  Drone  
  20  1:58  Evolution Chamber  
  19  2:02  Overlord  
  19  2:13  Metabolic Boost  
  19  2:16  Queen  
  19  2:20  Queen  
  24  2:22  Drone  
  24  2:29  Overlord  
  24  2:38  Zergling x4  
  24  2:39  Zergling x2  
  24  2:42  Zergling x2  
  28  3:06  Overlord  
  28  3:08  Lair  
  28  3:12  Extractor  
  27  3:13  Zerg Missile Weapons Level 1  
  27  3:18  Drone  
  27  3:19  Roach Warren  
  27  3:23  Zergling x2  
  27  3:24  Zergling x2  
  29  3:28  Zergling x2  
  30  3:42  Drone  
  30  3:43  Drone x3  
  34  3:56  Drone  
  34  3:57  Drone x3  
  36  4:30  Zergling x12  
  40  4:51  Roach  
  40  4:52  Roach  
  43  4:53  Overlord x2  
  42  5:04  Roach  
  42  5:05  Overlord  
  43  5:11  Spine Crawler  
  42  5:20  Roach x2  
  43  5:29  Roach x2  
  43  5:32  Glial Reconstitution  
  47  5:40  Roach  
  49  5:43  Zerg Ground Armor Level 1  
  49  5:46  Spine Crawler  
  49  5:48  Hydralisk Den  
  47  5:51  Burrow  
  47  5:54  Overlord  
  46  6:07  Extractor  
  44  6:27  Hatchery  
  44  6:31  Hydralisk x3  
  49  6:34  Drone  
  50  6:44  Roach x2  
  53  6:51  Tunneling Claws  
  53  6:59  Grooved Spines  
  53  7:00  Hydralisk  
  55  7:08  Spore Crawler, Drone  
  54  7:09  Drone  
  56  7:26  Drone x2  
  56  7:27  Drone x3  
  61  7:36  Roach  
  61  7:40  Spore Crawler  
  61  7:42  Roach x2  
  66  7:51  Roach  
  66  7:59  Roach x2  
  66  8:03  Drone  
  66  8:04  Drone  
  72  8:16  Zerg Missile Weapons Level 2  
  72  8:22  Roach x2  
  76  8:35  Hydralisk x2  
  76  8:38  Overlord  
  76  8:40  Drone  
  81  8:46  Overlord  
  81  8:50  Overlord  
  70  9:16  Spore Crawler  
  65  9:30  Hydralisk x6  
  76  9:41  Roach x15  
  76  9:43  Roach  
  78  9:51  Hydralisk  
  80  9:54  Spore Crawler  
  79  10:12  Roach, Hydralisk x2  
  73  10:28  Hydralisk  
  73  10:29  Hydralisk x2  
  79  10:37  Drone x2  
  79  10:40  Roach x9  
  81  10:49  Roach x2  
  85  11:17  Roach x2  
  85  11:18  Roach x4  
  93  11:23  Roach  
  87  11:31  Muscular Augments  
  81  11:44  Drone x3  
  81  11:45  Drone x2  
  86  11:54  Roach  
  88  11:55  Roach  
  90  12:07  Roach x2  
  94  12:09  Drone  
  95  12:17  Roach  
  97  12:24  Spine Crawler  
  97  12:28  Drone x3  
  99  12:34  Drone  
  100  12:41  Hydralisk  
  102  12:47  Hydralisk  
  54  13:13  Zergling x2  
  54  13:14  Roach x5  
  54  13:15  Roach x2  
  59  13:22  Queen  
  61  13:36  Roach x2  
  61  13:40  Spine Crawler  
  64  13:46  Hydralisk x2  
  68  13:49  Drone  
  68  13:50  Drone  
  70  14:01  Roach  
  66  14:06  Roach x2  
  66  14:07  Roach x2  
  74  14:11  Zergling x4  
  76  14:26  Roach  
  76  14:27  Roach x3  
  84  14:32  Roach  
  84  14:35  Zergling x4  
  88  14:40  Roach  
  88  14:42  Drone  
  88  14:43  Drone  
  88  14:45  Drone  
  91  14:50  Ravager x4  
  91  14:51  Ravager  
  96  14:57  Hydralisk  
  98  15:01  Drone x2  
  98  15:06  Drone x2  
  101  15:23  Roach x2  
  100  15:29  Roach x2  
  100  15:30  Roach  
  100  15:31  Overlord x2  
  90  15:49  Roach x4  
Show
View Real Time Build Order
Export as new Build Order

Test Terran - Winner!

Build Orders:  

Get SALT Encoding   

  12  0:00  SCV  
  13  0:14  Supply Depot  
  13  0:18  SCV  
  14  0:30  SCV  
  15  0:47  Barracks  
  15  0:53  SCV  
  15  0:56  Refinery  
  16  0:58  Supply Depot  
  16  1:05  SCV  
  17  1:17  SCV  
  18  1:29  SCV  
  19  1:35  Marine  
  20  1:41  SCV  
  20  1:42  Refinery  
  20  1:46  Barracks  
  21  1:53  Marine  
  21  1:54  SCV  
  23  2:06  SCV  
  24  2:26  SCV, Barracks Reactor  
  25  2:34  Factory  
  25  2:37  Barracks Tech Lab  
  25  2:51  Supply Depot  
  25  2:56  Command Center  
  25  2:57  Orbital Command  
  25  3:04  Marine  
  26  3:12  Engineering Bay  
  26  3:33  Factory  
  26  3:40  Starport  
  26  3:41  Marine x2  
  28  3:52  Barracks Tech Lab  
  28  4:01  SCV  
  29  4:04  Terran Infantry Weapons Level 1  
  29  4:05  Marine  
  30  4:13  SCV  
  27  4:17  Marine x2  
  27  4:23  Marine  
  29  4:25  SCV  
  29  4:35  Marine  
  29  4:37  SCV  
  29  4:38  Siege Tank  
  32  4:40  Marine  
  30  4:53  Marine  
  30  4:58  Marine  
  31  5:04  Marine  
  31  5:06  Starport Tech Lab  
  32  5:11  Marine  
  33  5:16  Marine  
  33  5:22  Marine  
  33  5:28  Marine  
  33  5:33  Siege Tank  
  33  5:34  Marine  
  33  5:35  Banshee  
  41  5:51  Marine  
  41  5:52  Marine  
  43  5:57  Supply Depot  
  43  5:58  Terran Infantry Armor Level 1  
  43  5:59  SCV, Supply Depot  
  44  6:12  SCV  
  45  6:19  SCV, Siege Tank  
  45  6:24  SCV  
  50  6:28  Banshee  
  50  6:32  SCV  
  54  6:36  SCV  
  54  6:37  Marine x2  
  54  6:38  Marine  
  58  6:44  SCV  
  59  6:48  SCV  
  59  6:49  Refinery  
  60  6:56  SCV, Refinery  
  60  7:00  SCV  
  62  7:20  Cloaking Field  
  62  7:35  Marine x2, SCV x2, Banshee  
  62  7:37  Supply Depot x3  
  69  7:47  SCV  
  69  7:49  Armory  
  70  7:58  Marine, SCV, Marauder  
  74  7:59  SCV  
  74  8:03  Siege Tank, Factory Tech Lab  
  78  8:06  Marine  
  80  8:18  Banshee  
  85  8:20  Marauder  
  85  8:21  Orbital Command  
  85  8:23  SCV  
  85  8:35  SCV  
  88  8:41  Marauder  
  88  8:47  SCV  
  86  9:37  Marine x2  
  86  9:38  Marauder  
  90  9:40  Siege Tank  
  90  9:45  Liberator  
  93  9:57  Supply Depot  
  93  9:59  Supply Depot  
  93  10:00  Supply Depot  
  93  10:01  Supply Depot  
  93  10:04  Siege Tank  
  83  10:21  Supply Depot  
  83  10:22  Supply Depot  
  83  10:23  Supply Depot  
  83  10:25  Orbital Command  
  83  10:26  Supply Depot  
  83  10:28  Liberator  
  83  10:32  Terran Vehicle Weapons Level 1  
  83  10:36  Marine  
  83  10:39  Stimpack  
  84  10:45  Supply Depot  
  87  10:54  Marauder  
  89  10:59  Factory  
  81  11:15  Marine  
  85  11:33  Marauder  
  85  11:34  Raven  
  85  11:39  Hellbat x2  
  90  11:45  Command Center  
  90  11:54  Marine  
  90  12:00  Hellbat  
  90  12:01  Hellbat  
  95  12:06  Factory Reactor  
  95  12:17  Raven  
  95  12:22  Hellbat x2  
  101  12:29  Missile Turret  
  101  12:34  Missile Turret  
  101  12:43  Hellbat x2  
  105  12:44  Missile Turret  
  105  13:00  Raven  
  90  13:29  SCV x2  
  90  13:30  SCV  
  93  13:35  Refinery  
  93  13:37  Refinery  
  93  13:41  SCV x2  
  94  13:42  SCV  
  94  13:43  Raven  
  94  13:46  Terran Vehicle Weapons Level 2  
  98  13:53  SCV, Hellbat  
  98  13:54  SCV x2  
  103  14:05  SCV  
  103  14:06  SCV  
  111  14:18  SCV, Cyclone x2  
  111  14:26  Raven  
  108  14:40  SCV  
  109  14:49  Sensor Tower  
  109  14:52  SCV  
  110  14:54  Hellbat x4  
  118  15:04  SCV  
  119  15:07  SCV  
  119  15:08  Raven  
  121  15:15  Hellbat x2  
  121  15:20  Planetary Fortress  
Tags
 
Add a new tag
Caveats
  • Supply blocks, unpowered buildings, or Contaminate may cause inaccurate times.
  • Supply counts are checked every 10 seconds.